Canucks vs Rangers

Created - 20 novembre 2019 at 19:18

Goals
1 2 3 T
Canucks 0 1 0 1
Rangers 0 0 3 3
Shots
1 2 3 T
Canucks 17 9 13 39
Rangers 12 9 18 39

1st period

No Goal

Penalties :
No Penalty

2nd period

1. Canucks , Dan Hamhuis 1 (Alex Tuch 8, Derek Ryan 4) at 7:10 (PP)

Penalties :
Oskar Sundqvist (NYR) for Interference (Minor) at 6:21, Blake Wheeler (VAN) for Hooking (Minor) at 17:11

3rd period

2. Rangers , Justin Williams 8 (Nazem Kadri 13, Matt Niskanen 5) at 7:02
3. Rangers , Nazem Kadri 9 (Matt Niskanen 6, Erik Karlsson 9) at 8:48
4. Rangers , Matt Duchene 9 (Dan Girardi 7, Pierre-Edouard Bellemare 4) at 14:30

Penalties :
Blake Wheeler (VAN) for Tripping (Minor) at 9:38

Goalie Stats

Ben Bishop (VAN), 36 saves from 39 shots - (0,923), L, 7-7-1, 60:00 minutes
Philipp Grubauer (NYR), 38 saves from 39 shots - (0,974), W, 7-5-3, 60:00 minutes

Players Stats for Canucks

Player Name              G  A  P  +/- PIM S  H  SB GA TA FO     MP     PP MP  PK MP  
------------------------------------------------------------------------------------
Alex Killorn             0  0  0   0  0   1  1  0  1  1  0/1    19:10   0:00   1:56 
Alex Tuch                0  1  1  -2  0   4  1  0  0  0  0/0    17:10   0:15   0:00 
Blake Wheeler            0  0  0   0  4   5  0  1  0  1  2/3    18:24   0:34   0:00 
Brandon Tanev            0  0  0   0  0   3  1  1  0  1  0/0    12:16   0:00   1:56 
Charlie McAvoy           0  0  0  -3  0   2  0  0  1  0  0/0    19:02   0:15   0:00 
Dan Hamhuis              1  0  1   0  0   2  0  0  0  1  0/0    18:28   0:34   1:28 
Darnell Nurse            0  0  0   0  0   0  0  0  0  0  0/0    20:15   0:15   0:00 
Derek Ryan               0  1  1  -2  0   2  0  1  0  0  14/25  17:10   0:15   0:00 
Erik Cernak              0  0  0   0  0   1  0  2  0  1  0/0    18:28   0:34   1:28 
Erik Johnson             0  0  0   0  0   0  2  0  1  3  0/0    22:30   0:00   2:30 
Gustav Nyquist           0  0  0  -2  0   3  2  0  0  0  1/4    17:29   0:34   0:00 
Jason Dickinson          0  0  0  -1  0   2  1  0  2  0  0/6    10:06   0:00   0:00 
Jimmy Vesey              0  0  0   0  0   5  1  0  0  0  0/0    11:28   0:15   0:15 
Jordan Martinook         0  0  0   0  0   2  1  0  1  0  7/9    12:07   0:00   1:47 
Matt Calvert             0  0  0  -1  0   0  1  1  0  0  0/0    11:53   0:00   1:47 
Mika Zibanejad           0  0  0   0  0   5  1  0  0  1  12/17  17:48   0:34   0:00 
Oscar Klefbom            0  0  0  -3  0   2  2  0  0  0  0/0    21:17   0:00   2:30 
Tom Pyatt                0  0  0  -1  0   0  0  0  0  0  0/1    10:59   0:00   0:15 

Players Stats for Rangers

Player Name              G  A  P  +/- PIM S  H  SB GA TA FO     MP     PP MP  PK MP  
------------------------------------------------------------------------------------
Ben Harpur               0  0  0   0  0   0  1  2  0  0  0/0    15:51   0:00   0:00 
Brayden Schenn           0  0  0   1  0   1  4  0  0  1  1/2    20:26   2:08   0:00 
Caleb Jones              0  0  0   0  0   0  2  0  0  0  0/0    19:21   2:25   0:00 
Carter Verhaeghe         0  0  0   0  0   2  0  0  0  0  0/0     8:09   0:00   0:00 
Dan Girardi              0  1  1   1  0   0  1  3  1  0  0/0    18:52   1:33   0:00 
Erik Karlsson            0  1  1   2  0   2  1  3  1  0  0/0    24:28   2:25   0:00 
Jason Zucker             0  0  0   2  0   2  3  0  2  0  0/0    18:08   1:50   0:00 
Johan Larsson            0  0  0   0  0   2  2  2  1  0  1/3     8:58   0:00   0:49 
Justin Williams          1  0  1   2  0   3  1  0  0  1  0/1    18:08   1:50   0:00 
Kyle Connor              0  0  0   1  0   2  0  1  1  1  1/2    20:26   2:08   0:00 
Matt Duchene             1  0  1   1  0   8  0  0  1  1  12/26  20:26   2:08   0:00 
Matt Niskanen            0  2  2   2  0   2  2  3  0  0  0/0    22:20   0:00   0:49 
Nazem Kadri              1  1  2   2  0   6  2  0  1  0  10/20  18:08   1:50   0:00 
Oskar Sundqvist          0  0  0   0  2   1  2  3  0  0  4/11   12:27   0:00   0:00 
Paul Byron               0  0  0   0  0   2  2  0  0  0  1/1    12:28   0:00   0:00 
Pierre-Edouard Bellemare 0  1  1   0  0   2  0  0  1  1  0/0     8:58   0:00   0:49 
Ron Hainsey              0  0  0   1  0   1  0  1  0  1  0/0    19:08   1:33   0:49 
Vinnie Hinostroza        0  0  0   0  0   3  1  0  0  0  0/0    12:28   0:00   0:00 

3 Stars

1 - Philipp Grubauer (NYR)
2 - Nazem Kadri (NYR)
3 - Matt Niskanen (NYR)

Power Play

Canucks - 1 on 1 Attempt(s) - 100,00%
Rangers - 0 on 2 Attempt(s) - 0,00%

Penalty Kill

Canucks - 2 on 2 Attempt(s) - 100,00% - Score 0 goal in Penalty Kill
Rangers - 0 on 1 Attempt(s) - 0,00% - Score 0 goal in Penalty Kill

Team Stat

Canucks - Hits : 14 - Faceoff Wins : 36 - Blocked Shots : 6 - Penalty Minutes : 4
Rangers - Hits : 24 - Faceoff Wins : 30 - Blocked Shots : 18 - Penalty Minutes : 2

Official

Referees : Jon Mclsaac and Kelly Sutherland
Linesman : Don Henderson and Shandor Alphonso

Game Notes

No Game Note

Finance

Level 1 -- Attendance: 4977 (82,95%) -- Ticket Income 497 700 $
Level 2 -- Attendance: 4950 (99,00%) -- Ticket Income 297 000 $
Level 3 -- Attendance: 1859 (92,95%) -- Ticket Income 65 065 $
Level 4 -- Attendance: 4000 (100,00%) -- Ticket Income 80 000 $
Luxury Box -- Attendance: 692 (69,20%) -- Ticket Income 138 400 $
Game was played at the Blue Shirt Stadium.
Total Attendance: 16478 (91,54%)
Total Ticket Income: 1 078 165 $
Other Income: 528 301 $
Total Income: 1 606 466 $

Canucks

5 vs 5 Forward 
   Center                   Left Wing                Right Wing               Time % Phy DF OF 
 1 Mika Zibanejad           Blake Wheeler            Alex Killorn             33     0   0  5  
 2 Derek Ryan               Gustav Nyquist           Alex Tuch                33     0   0  5  
 3 Jordan Martinook         Jimmy Vesey              Brandon Tanev            17     0   2  1  
 4 Jason Dickinson          Matt Calvert             Tom Pyatt                17     1   4  0  

5 vs 5 Defense 
   Defense                  Defense                                           Time % Phy DF OF 
 1 Darnell Nurse            Erik Johnson                                      36     0   5  0  
 2 Oscar Klefbom            Charlie McAvoy                                    36     0   5  0  
 3 Erik Cernak              Dan Hamhuis                                       28     0   5  0  
 4 Erik Cernak              Dan Hamhuis                                       0      0   5  0  

PowerPlay Forward 
   Center                   Left Wing                Right Wing               Time % Phy DF OF 
 1 Mika Zibanejad           Blake Wheeler            Gustav Nyquist           70     0   0  5  
 2 Derek Ryan               Jimmy Vesey              Alex Tuch                30     0   0  5  

PowerPlay Defense
   Defense                  Defense                                           Time % Phy DF OF 
 1 Darnell Nurse            Charlie McAvoy                                    70     0   0  5  
 2 Erik Cernak              Dan Hamhuis                                       30     0   0  5  

Penalty Kill 4 Players Forward 
   Center                   Wing                     Time % Phy DF OF 
 1 Alex Killorn             Brandon Tanev            50     1   4  0  
 2 Jordan Martinook         Matt Calvert             50     1   4  0  

Penalty Kill 4 Players Defense
   Defense                  Defense                  Time % Phy DF OF 
 1 Oscar Klefbom            Erik Johnson             70     1   4  0  
 2 Erik Cernak              Dan Hamhuis              30     1   4  0  

Penalty Kill - 3 Players Forward 
   Forward                                           Time % Phy DF OF 
 1 Jason Dickinson                                   60     0   5  0  
 2 Alex Killorn                                      40     0   5  0  

Penalty Kill - 3 Players Defense
   Defense                  Defense                  Time % Phy DF OF 
 1 Erik Johnson             Oscar Klefbom            60     0   5  0  
 2 Erik Cernak              Dan Hamhuis              40     0   5  0  

4 vs 4 Forward 
   Center                   Wing                     Time % Phy DF OF 
 1 Mika Zibanejad           Jimmy Vesey              50     1   2  2  
 2 Derek Ryan               Blake Wheeler            50     1   2  2  

4 vs 4 Defense
   Defense                  Defense                  Time % Phy DF OF 
 1 Darnell Nurse            Charlie McAvoy           50     1   2  2  
 2 Erik Johnson             Oscar Klefbom            50     1   2  2  

Last Minutes Offensive
   Center                   Left Wing                Right Wing               Defense                  Defense                  
   Mika Zibanejad           Blake Wheeler            Gustav Nyquist           Charlie McAvoy           Darnell Nurse            

Last Minutes Defensive
   Center                   Left Wing                Right Wing               Defense                  Defense                  
   Mika Zibanejad           Brandon Tanev            Matt Calvert             Erik Cernak              Erik Johnson             

Goaltenders
Starting : Ben Bishop               
Backup : Jordan Binnington        

Extra Forwards
Normal : Jason Dickinson, Jimmy Vesey, Brandon Tanev - PP : Jason Dickinson, Jimmy Vesey - PK : Brandon Tanev
Extra Defensemen
Normal : Erik Cernak, Dan Hamhuis, Erik Johnson - PP : Oscar Klefbom - PK : Charlie McAvoy, Darnell Nurse
Penalty Shots
Mika Zibanejad, Blake Wheeler, Jimmy Vesey, Brandon Tanev, Alex Tuch
Custom OT Lines Forwards
Mika Zibanejad, Blake Wheeler, Derek Ryan, Gustav Nyquist, Alex Tuch, Alex Killorn, Jimmy Vesey, Brandon Tanev, Tom Pyatt, Jordan Martinook
Custom OT Lines Defensemen
Dan Hamhuis, Erik Johnson, Oscar Klefbom, Charlie McAvoy, Erik Cernak

Scratches
Ryan Getzlaf (Right Leg Injury)

Rangers

5 vs 5 Forward 
   Center                   Left Wing                Right Wing               Time % Phy DF OF 
 1 Matt Duchene             Kyle Connor              Brayden Schenn           35     0   1  4  
 2 Nazem Kadri              Jason Zucker             Justin Williams          32     0   2  3  
 3 Oskar Sundqvist          Vinnie Hinostroza        Paul Byron               23     0   2  3  
 4 Johan Larsson            Pierre-Edouard Bellemare Carter Verhaeghe         10     0   4  1  

5 vs 5 Defense 
   Defense                  Defense                                           Time % Phy DF OF 
 1 Erik Karlsson            Matt Niskanen                                     40     1   2  2  
 2 Dan Girardi              Ron Hainsey                                       30     1   2  2  
 3 Ben Harpur               Caleb Jones                                       20     0   3  2  
 4 Ben Harpur               Caleb Jones                                       10     1   2  2  

PowerPlay Forward 
   Center                   Left Wing                Right Wing               Time % Phy DF OF 
 1 Matt Duchene             Kyle Connor              Brayden Schenn           60     0   1  4  
 2 Nazem Kadri              Jason Zucker             Justin Williams          40     0   1  4  

PowerPlay Defense
   Defense                  Defense                                           Time % Phy DF OF 
 1 Erik Karlsson            Caleb Jones                                       60     0   1  4  
 2 Ron Hainsey              Dan Girardi                                       40     0   1  4  

Penalty Kill 4 Players Forward 
   Center                   Wing                     Time % Phy DF OF 
 1 Johan Larsson            Oskar Sundqvist          60     0   5  0  
 2 Pierre-Edouard Bellemare Vinnie Hinostroza        40     0   5  0  

Penalty Kill 4 Players Defense
   Defense                  Defense                  Time % Phy DF OF 
 1 Matt Niskanen            Ron Hainsey              60     0   5  0  
 2 Ben Harpur               Dan Girardi              40     0   5  0  

Penalty Kill - 3 Players Forward 
   Forward                                           Time % Phy DF OF 
 1 Johan Larsson                                     60     0   5  0  
 2 Oskar Sundqvist                                   40     0   5  0  

Penalty Kill - 3 Players Defense
   Defense                  Defense                  Time % Phy DF OF 
 1 Matt Niskanen            Ron Hainsey              60     0   5  0  
 2 Dan Girardi              Ben Harpur               40     0   5  0  

4 vs 4 Forward 
   Center                   Wing                     Time % Phy DF OF 
 1 Nazem Kadri              Vinnie Hinostroza        60     0   2  3  
 2 Oskar Sundqvist          Paul Byron               40     0   2  3  

4 vs 4 Defense
   Defense                  Defense                  Time % Phy DF OF 
 1 Erik Karlsson            Matt Niskanen            60     0   2  3  
 2 Ron Hainsey              Dan Girardi              40     0   2  3  

Last Minutes Offensive
   Center                   Left Wing                Right Wing               Defense                  Defense                  
   Matt Duchene             Kyle Connor              Brayden Schenn           Erik Karlsson            Matt Niskanen            

Last Minutes Defensive
   Center                   Left Wing                Right Wing               Defense                  Defense                  
   Johan Larsson            Pierre-Edouard Bellemare Oskar Sundqvist          Ben Harpur               Ron Hainsey              

Goaltenders
Starting : Philipp Grubauer         
Backup : Alexandar Georgiev       

Extra Forwards
Normal : Nazem Kadri, Jason Zucker, Paul Byron - PP : Vinnie Hinostroza, Oskar Sundqvist - PK : Pierre-Edouard Bellemare
Extra Defensemen
Normal : Erik Karlsson, Matt Niskanen, Ron Hainsey - PP : Caleb Jones - PK : Ben Harpur, Dan Girardi
Penalty Shots
Kyle Connor, Matt Duchene, Paul Byron, Caleb Jones, Vinnie Hinostroza
Custom OT Lines Forwards
Matt Duchene, Kyle Connor, Brayden Schenn, Jason Zucker, Nazem Kadri, Justin Williams, Pierre-Edouard Bellemare, Vinnie Hinostroza, Oskar Sundqvist, Paul Byron
Custom OT Lines Defensemen
Erik Karlsson, Matt Niskanen, Ron Hainsey, Dan Girardi, Ben Harpur

Scratches
Jason Spezza (Healthy), Alex Nedeljkovic (Healthy)

% Time on Ice - Canucks

Lines # - Real PCT - Wanted PCT - Time Play
Normal Forward
1 - 32% - 33% - 17:52
2 - 31% - 33% - 16:55
3 - 19% - 17% - 10:20
4 - 18% - 17% - 10:06
Normal Defense
1 - 36% - 36% - 20:00
2 - 35% - 36% - 19:25
3 - 28% - 28% - 15:20
4 - 1% - 0% - 0:28
PP Forward
1 - 69% - 70% - 0:34
2 - 31% - 30% - 0:15
PP Defense
1 - 31% - 70% - 0:15
2 - 69% - 30% - 0:34
PK Forward
1 - 50% - 50% - 2:00
2 - 50% - 50% - 1:58
PK Defense
1 - 63% - 70% - 2:30
2 - 37% - 30% - 1:28
PK3 Forward
1 - 0% - 60%
2 - 0% - 40%
PK3 Defense
1 - 0% - 60%
2 - 0% - 40%
44 Forward
1 - 0% - 50%
2 - 0% - 50%
44 Defense
1 - 0% - 50%
2 - 0% - 50%
Last Minute Offensive  - 0:00
Last Minute Defensive  - 0:00
Total
Forward - 60:00
Defense - 60:00

% Time on Ice - Rangers

Lines # - Real PCT - Wanted PCT - Time Play
Normal Forward
1 - 33% - 35% - 18:18
2 - 30% - 32% - 16:18
3 - 23% - 23% - 12:28
4 - 15% - 10% - 8:09
Normal Defense
1 - 41% - 40% - 22:36
2 - 30% - 30% - 16:46
3 - 20% - 20% - 11:07
4 - 9% - 10% - 4:44
PP Forward
1 - 54% - 60% - 2:08
2 - 46% - 40% - 1:50
PP Defense
1 - 61% - 60% - 2:25
2 - 39% - 40% - 1:33
PK Forward
1 - 100% - 60% - 0:49
2 - 0% - 40% - 0:00
PK Defense
1 - 100% - 60% - 0:49
2 - 0% - 40% - 0:00
PK3 Forward
1 - 0% - 60%
2 - 0% - 40%
PK3 Defense
1 - 0% - 60%
2 - 0% - 40%
44 Forward
1 - 0% - 60%
2 - 0% - 40%
44 Defense
1 - 0% - 60%
2 - 0% - 40%
Last Minute Offensive  - 0:00
Last Minute Defensive  - 0:00
Total
Forward - 60:00
Defense - 60:00

Play-by-Play

1st period


0:01 of 1st period - Blake Wheeler wins face-off versus Matt Duchene in neutral zone.
0:04 of 1st period - Kyle Connor is hit by Alex Killorn and loses puck.
1:37 of 1st period - Slapshot by Carter Verhaeghe.
1:37 of 1st period - Stopped by Ben Bishop with a rebound.
1:57 of 1st period - Snap shot by Kyle Connor.
1:57 of 1st period - Stopped by Ben Bishop without a rebound.
1:58 of 1st period - Derek Ryan wins face-off versus Kyle Connor in Canucks zone.
2:36 of 1st period - Icing by Erik Johnson.
2:37 of 1st period - Derek Ryan wins face-off versus Oskar Sundqvist in Canucks zone.
2:42 of 1st period - Dan Girardi is hit by Gustav Nyquist and loses puck.
3:28 of 1st period - Snap shot by Johan Larsson.
3:28 of 1st period - Stopped by Ben Bishop with a rebound.
3:52 of 1st period - Snap shot by Jimmy Vesey.
3:52 of 1st period - Shot Misses the Net.
3:54 of 1st period - Snap shot by Brandon Tanev.
3:54 of 1st period - Shot Blocked by Ben Harpur.
4:22 of 1st period - Icing by Erik Cernak.
4:23 of 1st period - Nazem Kadri wins face-off versus Mika Zibanejad in Canucks zone.
4:26 of 1st period - Snap shot by Nazem Kadri.
4:26 of 1st period - Stopped by Ben Bishop without a rebound.
4:27 of 1st period - Nazem Kadri wins face-off versus Jason Dickinson in Canucks zone.
4:54 of 1st period - Backhand shot by Jason Zucker.
4:54 of 1st period - Stopped by Ben Bishop without a rebound.
4:55 of 1st period - Matt Duchene wins face-off versus Mika Zibanejad in Canucks zone.
5:11 of 1st period - Snap shot by Matt Duchene.
5:11 of 1st period - Stopped by Ben Bishop with a rebound.
5:21 of 1st period - Paul Byron is hit by Alex Tuch and loses puck.
5:32 of 1st period - Wrist shot by Alex Tuch.
5:32 of 1st period - Shot Misses the Net.
5:34 of 1st period - Slapshot by Dan Hamhuis.
5:34 of 1st period - Stopped by Philipp Grubauer with a rebound.
5:44 of 1st period - Snap shot by Nazem Kadri.
5:44 of 1st period - Shot Blocked by Erik Cernak.
6:16 of 1st period - Wrist shot by Pierre-Edouard Bellemare.
6:16 of 1st period - Stopped by Ben Bishop with a rebound.
7:17 of 1st period - Backhand shot by Jimmy Vesey.
7:17 of 1st period - Stopped by Philipp Grubauer with a rebound.
7:19 of 1st period - Snap shot by Jordan Martinook.
7:19 of 1st period - Shot Misses the Net.
7:26 of 1st period - Icing by Erik Karlsson.
7:27 of 1st period - Mika Zibanejad wins face-off versus Oskar Sundqvist in Rangers zone.
7:28 of 1st period - Snap shot by Blake Wheeler.
7:28 of 1st period - Shot Blocked by Erik Karlsson.
7:30 of 1st period - Wrist shot by Gustav Nyquist.
7:30 of 1st period - Shot Misses the Net.
7:32 of 1st period - Slapshot by Charlie McAvoy.
7:32 of 1st period - Stopped by Philipp Grubauer without a rebound.
7:33 of 1st period - Matt Duchene wins face-off versus Derek Ryan in Rangers zone.
8:09 of 1st period - Snap shot by Alex Tuch.
8:09 of 1st period - Shot Misses the Net.
8:11 of 1st period - Slapshot by Oscar Klefbom.
8:11 of 1st period - Shot Blocked by Ben Harpur.
8:19 of 1st period - Snap shot by Gustav Nyquist.
8:19 of 1st period - Shot Blocked by Oskar Sundqvist.
8:21 of 1st period - Slapshot by Charlie McAvoy.
8:21 of 1st period - Shot Misses the Net.
8:23 of 1st period - Slapshot by Derek Ryan.
8:23 of 1st period - Stopped by Philipp Grubauer without a rebound.
8:24 of 1st period - Mika Zibanejad wins face-off versus Nazem Kadri in Rangers zone.
9:13 of 1st period - Wrist shot by Blake Wheeler.
9:13 of 1st period - Deflect By Brayden Schenn.
9:13 of 1st period - Stopped by Philipp Grubauer with a rebound.
9:15 of 1st period - Slapshot by Darnell Nurse.
9:15 of 1st period - Shot Blocked by Kyle Connor.
9:17 of 1st period - Wrist shot by Mika Zibanejad.
9:17 of 1st period - Stopped by Philipp Grubauer without a rebound.
9:18 of 1st period - Jordan Martinook wins face-off versus Nazem Kadri in Rangers zone.
9:24 of 1st period - Slapshot by Brandon Tanev.
9:24 of 1st period - Shot Misses the Net.
10:05 of 1st period - Off-side.
10:06 of 1st period - Johan Larsson wins face-off versus Derek Ryan in neutral zone.
10:13 of 1st period - Wrist shot by Johan Larsson.
10:13 of 1st period - Stopped by Ben Bishop with a rebound.
10:20 of 1st period - Wrist shot by Pierre-Edouard Bellemare.
10:20 of 1st period - Stopped by Ben Bishop without a rebound.
10:21 of 1st period - Matt Duchene wins face-off versus Blake Wheeler in Canucks zone.
10:30 of 1st period - Slapshot by Kyle Connor.
10:30 of 1st period - Stopped by Ben Bishop without a rebound.
10:31 of 1st period - Mika Zibanejad wins face-off versus Matt Duchene in Canucks zone.
10:42 of 1st period - Backhand shot by Blake Wheeler.
10:42 of 1st period - Stopped by Philipp Grubauer with a rebound.
10:44 of 1st period - Backhand shot by Erik Johnson.
10:44 of 1st period - Shot Blocked by Matt Niskanen.
10:46 of 1st period - Wrist shot by Mika Zibanejad.
10:46 of 1st period - Stopped by Philipp Grubauer with a rebound.
10:52 of 1st period - Wrist shot by Mika Zibanejad.
10:52 of 1st period - Shot Misses the Net.
10:54 of 1st period - Snap shot by Mika Zibanejad.
10:54 of 1st period - Stopped by Philipp Grubauer without a rebound.
10:55 of 1st period - Nazem Kadri wins face-off versus Derek Ryan in Rangers zone.
11:00 of 1st period - Slapshot by Justin Williams.
11:00 of 1st period - Shot Misses the Net.
11:45 of 1st period - Ben Harpur is hit by Erik Johnson and loses puck.
11:54 of 1st period - Snap shot by Jimmy Vesey.
11:54 of 1st period - Stopped by Philipp Grubauer with a rebound.
12:04 of 1st period - Snap shot by Blake Wheeler.
12:04 of 1st period - Stopped by Philipp Grubauer with a rebound.
12:14 of 1st period - Wrist shot by Paul Byron.
12:14 of 1st period - Stopped by Ben Bishop without a rebound.
12:15 of 1st period - Nazem Kadri wins face-off versus Jason Dickinson in Canucks zone.
12:20 of 1st period - Slapshot by Nazem Kadri.
12:20 of 1st period - Shot Misses the Net.
12:30 of 1st period - Jason Dickinson is hit by Jason Zucker and loses puck.
13:15 of 1st period - Snap shot by Vinnie Hinostroza.
13:15 of 1st period - Stopped by Ben Bishop without a rebound.
13:16 of 1st period - Jordan Martinook wins face-off versus Oskar Sundqvist in Canucks zone.
13:29 of 1st period - Wrist shot by Brandon Tanev.
13:29 of 1st period - Shot Blocked by Oskar Sundqvist.
14:26 of 1st period - Ron Hainsey is hit by Erik Johnson and loses puck.
14:33 of 1st period - Snap shot by Jason Dickinson.
14:33 of 1st period - Stopped by Philipp Grubauer with a rebound.
14:35 of 1st period - Snap shot by Matt Calvert.
14:35 of 1st period - Shot Misses the Net.
15:07 of 1st period - Snap shot by Brandon Tanev.
15:07 of 1st period - Stopped by Philipp Grubauer with a rebound.
15:09 of 1st period - Snap shot by Jimmy Vesey.
15:09 of 1st period - Stopped by Philipp Grubauer with a rebound.
15:11 of 1st period - Snap shot by Jimmy Vesey.
15:11 of 1st period - Shot Blocked by Dan Girardi.
15:13 of 1st period - Slapshot by Oscar Klefbom.
15:13 of 1st period - Deflect By Nazem Kadri.
15:13 of 1st period - Stopped by Philipp Grubauer without a rebound.
15:14 of 1st period - Matt Duchene wins face-off versus Derek Ryan in Rangers zone.
15:14 of 1st period - Matt Duchene is hit by Oscar Klefbom.
15:58 of 1st period - Blake Wheeler is hit by Caleb Jones and loses puck.
16:23 of 1st period - Snap shot by Blake Wheeler.
16:23 of 1st period - Stopped by Philipp Grubauer without a rebound.
16:24 of 1st period - Nazem Kadri wins face-off versus Gustav Nyquist in Rangers zone.
16:55 of 1st period - Off-side.
16:56 of 1st period - Jordan Martinook wins face-off versus Matt Duchene in neutral zone.
17:24 of 1st period - Icing by Tom Pyatt.
17:25 of 1st period - Nazem Kadri wins face-off versus Jason Dickinson in Canucks zone.
17:50 of 1st period - Erik Cernak is hit by Matt Niskanen and loses puck.
18:11 of 1st period - Blake Wheeler is hit by Oskar Sundqvist and loses puck.
18:52 of 1st period - Slapshot by Alex Tuch.
18:52 of 1st period - Deflect By Justin Williams.
18:52 of 1st period - Shot Misses the Net.
18:52 of 1st period - Puck is out of play.
18:53 of 1st period - Derek Ryan wins face-off versus Nazem Kadri in Rangers zone.
19:04 of 1st period - Wrist shot by Alex Tuch.
19:04 of 1st period - Stopped by Philipp Grubauer without a rebound.
19:05 of 1st period - Matt Duchene wins face-off versus Gustav Nyquist in Rangers zone.
Goals for this period are 0 for Canucks vs 0 for Rangers.
Shots for this period are 17 for Canucks vs 12 for Rangers.

2nd period


0:01 of 2nd period - Mika Zibanejad wins face-off versus Nazem Kadri in neutral zone.
0:23 of 2nd period - Icing by Jason Zucker.
0:24 of 2nd period - Nazem Kadri wins face-off versus Jason Dickinson in Rangers zone.
0:41 of 2nd period - Snap shot by Matt Duchene.
0:41 of 2nd period - Stopped by Ben Bishop with a rebound.
1:26 of 2nd period - Icing by Ben Harpur.
1:27 of 2nd period - Jordan Martinook wins face-off versus Oskar Sundqvist in Rangers zone.
1:28 of 2nd period - Snap shot by Jimmy Vesey.
1:28 of 2nd period - Stopped by Philipp Grubauer without a rebound.
1:29 of 2nd period - Jordan Martinook wins face-off versus Brayden Schenn in Rangers zone.
1:36 of 2nd period - Snap shot by Jordan Martinook.
1:36 of 2nd period - Shot Misses the Net.
2:21 of 2nd period - Snap shot by Alex Tuch.
2:21 of 2nd period - Deflect By Gustav Nyquist.
2:21 of 2nd period - Stopped by Philipp Grubauer with a rebound.
2:23 of 2nd period - Slapshot by Derek Ryan.
2:23 of 2nd period - Stopped by Philipp Grubauer with a rebound.
3:00 of 2nd period - Erik Cernak is hit by Brayden Schenn and loses puck.
3:23 of 2nd period - Slapshot by Nazem Kadri.
3:23 of 2nd period - Stopped by Ben Bishop with a rebound.
3:59 of 2nd period - Erik Karlsson is hit by Matt Calvert and loses puck.
4:07 of 2nd period - Tom Pyatt is hit by Johan Larsson and loses puck.
4:24 of 2nd period - Jordan Martinook is hit by Brayden Schenn and loses puck.
4:35 of 2nd period - Oscar Klefbom is hit by Brayden Schenn.
4:49 of 2nd period - Brandon Tanev is hit by Paul Byron and loses puck.
5:14 of 2nd period - Jordan Martinook is hit by Nazem Kadri and loses puck.
5:25 of 2nd period - Wrist shot by Mika Zibanejad.
5:25 of 2nd period - Shot Misses the Net.
5:27 of 2nd period - Slapshot by Oscar Klefbom.
5:27 of 2nd period - Shot Blocked by Johan Larsson.
5:29 of 2nd period - Snap shot by Alex Killorn.
5:29 of 2nd period - Shot Misses the Net.
5:31 of 2nd period - Snap shot by Charlie McAvoy.
5:31 of 2nd period - Deflect By Johan Larsson.
5:31 of 2nd period - Stopped by Philipp Grubauer without a rebound.
5:32 of 2nd period - Matt Duchene wins face-off versus Gustav Nyquist in Rangers zone.
5:45 of 2nd period - Slapshot by Brayden Schenn.
5:45 of 2nd period - Shot Misses the Net.
5:59 of 2nd period - Alex Killorn is hit by Jason Zucker and loses puck.
6:21 of 2nd period - Minor Penalty to Oskar Sundqvist for Interference.
6:22 of 2nd period - Mika Zibanejad wins face-off versus Johan Larsson in Rangers zone.
6:34 of 2nd period - Snap shot by Mika Zibanejad.
6:34 of 2nd period - Stopped by Philipp Grubauer without a rebound.
6:35 of 2nd period - Mika Zibanejad wins face-off versus Johan Larsson in Rangers zone.
7:06 of 2nd period - Wrist shot by Alex Tuch.
7:06 of 2nd period - Shot Misses the Net.
7:08 of 2nd period - Snap shot by Alex Tuch.
7:08 of 2nd period - Shot Blocked by Johan Larsson.
7:10 of 2nd period - Slapshot by Dan Hamhuis.
7:10 of 2nd period - Goal by Dan Hamhuis - Canucks : 1 - Rangers : 0.
7:11 of 2nd period - Derek Ryan wins face-off versus Matt Duchene in neutral zone.
8:22 of 2nd period - Wrist shot by Justin Williams.
8:22 of 2nd period - Stopped by Ben Bishop without a rebound.
8:23 of 2nd period - Derek Ryan wins face-off versus Matt Duchene in Canucks zone.
8:30 of 2nd period - Snap shot by Alex Tuch.
8:30 of 2nd period - Stopped by Philipp Grubauer without a rebound.
8:31 of 2nd period - Matt Duchene wins face-off versus Derek Ryan in Rangers zone.
9:02 of 2nd period - Slapshot by Matt Duchene.
9:02 of 2nd period - Stopped by Ben Bishop without a rebound.
9:03 of 2nd period - Mika Zibanejad wins face-off versus Oskar Sundqvist in Canucks zone.
9:03 of 2nd period - Mika Zibanejad is hit by Vinnie Hinostroza.
10:19 of 2nd period - Slapshot by Derek Ryan.
10:19 of 2nd period - Shot Misses the Net.
10:21 of 2nd period - Slapshot by Erik Cernak.
10:21 of 2nd period - Shot Blocked by Matt Niskanen.
10:43 of 2nd period - Alex Killorn is hit by Justin Williams.
10:57 of 2nd period - Ron Hainsey is hit by Jason Dickinson and loses puck.
11:10 of 2nd period - Snap shot by Jason Dickinson.
11:10 of 2nd period - Stopped by Philipp Grubauer with a rebound.
11:20 of 2nd period - Kyle Connor is hit by Jimmy Vesey and loses puck.
12:24 of 2nd period - Jason Dickinson is hit by Oskar Sundqvist.
12:47 of 2nd period - Snap shot by Jimmy Vesey.
12:47 of 2nd period - Shot Blocked by Matt Niskanen.
13:35 of 2nd period - Darnell Nurse is hit by Ben Harpur and loses puck.
14:11 of 2nd period - Wrist shot by Jimmy Vesey.
14:11 of 2nd period - Shot Misses the Net.
14:13 of 2nd period - Wrist shot by Oscar Klefbom.
14:13 of 2nd period - Shot Misses the Net.
14:15 of 2nd period - Wrist shot by Oscar Klefbom.
14:15 of 2nd period - Shot Blocked by Ron Hainsey.
14:58 of 2nd period - Erik Karlsson is hit by Mika Zibanejad and loses puck.
15:05 of 2nd period - Mika Zibanejad is hit by Johan Larsson and loses puck.
15:13 of 2nd period - Icing by Erik Cernak.
15:14 of 2nd period - Paul Byron wins face-off versus Jason Dickinson in Canucks zone.
15:17 of 2nd period - Snap shot by Vinnie Hinostroza.
15:17 of 2nd period - Shot Blocked by Matt Calvert.
15:19 of 2nd period - Snap shot by Vinnie Hinostroza.
15:19 of 2nd period - Shot Misses the Net.
15:21 of 2nd period - Snap shot by Ron Hainsey.
15:21 of 2nd period - Stopped by Ben Bishop without a rebound.
15:22 of 2nd period - Derek Ryan wins face-off versus Matt Duchene in Canucks zone.
16:04 of 2nd period - Slapshot by Brayden Schenn.
16:04 of 2nd period - Stopped by Ben Bishop without a rebound.
16:05 of 2nd period - Nazem Kadri wins face-off versus Mika Zibanejad in Canucks zone.
16:35 of 2nd period - Snap shot by Alex Tuch.
16:35 of 2nd period - Stopped by Philipp Grubauer without a rebound.
16:36 of 2nd period - Oskar Sundqvist wins face-off versus Derek Ryan in Rangers zone.
16:47 of 2nd period - Wrist shot by Vinnie Hinostroza.
16:47 of 2nd period - Stopped by Ben Bishop without a rebound.
16:48 of 2nd period - Mika Zibanejad wins face-off versus Matt Duchene in Canucks zone.
17:11 of 2nd period - Minor Penalty to Blake Wheeler for Hooking.
17:12 of 2nd period - Kyle Connor wins face-off versus Alex Killorn in Canucks zone.
17:21 of 2nd period - Snap shot by Matt Duchene.
17:21 of 2nd period - Stopped by Ben Bishop with a rebound.
17:47 of 2nd period - Wrist shot by Nazem Kadri.
17:47 of 2nd period - Stopped by Ben Bishop with a rebound.
17:53 of 2nd period - Justin Williams is hit by Jordan Martinook and loses puck.
19:11 of 2nd period - Penalty to Blake Wheeler is over, Blake Wheeler is back on ice.
19:19 of 2nd period - Slapshot by Pierre-Edouard Bellemare.
19:19 of 2nd period - Shot Blocked by Blake Wheeler.
19:33 of 2nd period - Snap shot by Jimmy Vesey.
19:33 of 2nd period - Shot Misses the Net.
19:48 of 2nd period - Off-side.
19:49 of 2nd period - Derek Ryan wins face-off versus Oskar Sundqvist in neutral zone.
Goals for this period are 1 for Canucks vs 0 for Rangers.
Shots for this period are 9 for Canucks vs 9 for Rangers.

3rd period


0:01 of 3rd period - Brayden Schenn wins face-off versus Derek Ryan in neutral zone.
0:10 of 3rd period - Slapshot by Matt Duchene.
0:10 of 3rd period - Shot Misses the Net.
0:12 of 3rd period - Slapshot by Matt Niskanen.
0:12 of 3rd period - Stopped by Ben Bishop with a rebound.
0:14 of 3rd period - Wrist shot by Erik Karlsson.
0:14 of 3rd period - Stopped by Ben Bishop with a rebound.
0:16 of 3rd period - Snap shot by Brayden Schenn.
0:16 of 3rd period - Shot Blocked by Derek Ryan.
1:11 of 3rd period - Icing by Oskar Sundqvist.
1:12 of 3rd period - Derek Ryan wins face-off versus Oskar Sundqvist in Rangers zone.
2:24 of 3rd period - Slapshot by Brandon Tanev.
2:24 of 3rd period - Stopped by Philipp Grubauer with a rebound.
2:26 of 3rd period - Slapshot by Jordan Martinook.
2:26 of 3rd period - Stopped by Philipp Grubauer without a rebound.
2:27 of 3rd period - Derek Ryan wins face-off versus Matt Duchene in Rangers zone.
2:42 of 3rd period - Snap shot by Gustav Nyquist.
2:42 of 3rd period - Shot Blocked by Erik Karlsson.
2:50 of 3rd period - Alex Tuch is hit by Brayden Schenn and loses puck.
2:55 of 3rd period - Snap shot by Matt Duchene.
2:55 of 3rd period - Stopped by Ben Bishop with a rebound.
2:57 of 3rd period - Snap shot by Matt Duchene.
2:57 of 3rd period - Shot Misses the Net.
2:59 of 3rd period - Snap shot by Erik Karlsson.
2:59 of 3rd period - Stopped by Ben Bishop without a rebound.
3:00 of 3rd period - Mika Zibanejad wins face-off versus Nazem Kadri in Canucks zone.
3:26 of 3rd period - Jason Dickinson is hit by Paul Byron and loses puck.
3:49 of 3rd period - Snap shot by Carter Verhaeghe.
3:49 of 3rd period - Shot Blocked by Erik Cernak.
3:51 of 3rd period - Wrist shot by Carter Verhaeghe.
3:51 of 3rd period - Stopped by Ben Bishop without a rebound.
3:52 of 3rd period - Matt Duchene wins face-off versus Derek Ryan in Canucks zone.
4:16 of 3rd period - Icing by Gustav Nyquist.
4:17 of 3rd period - Derek Ryan wins face-off versus Nazem Kadri in Canucks zone.
4:17 of 3rd period - Derek Ryan is hit by Nazem Kadri.
4:50 of 3rd period - Off-side.
4:51 of 3rd period - Derek Ryan wins face-off versus Matt Duchene in neutral zone.
5:37 of 3rd period - Wrist shot by Jordan Martinook.
5:37 of 3rd period - Stopped by Philipp Grubauer with a rebound.
5:39 of 3rd period - Wrist shot by Blake Wheeler.
5:39 of 3rd period - Shot Misses the Net.
5:41 of 3rd period - Snap shot by Alex Killorn.
5:41 of 3rd period - Shot Blocked by Erik Karlsson.
5:43 of 3rd period - Slapshot by Alex Killorn.
5:43 of 3rd period - Stopped by Philipp Grubauer without a rebound.
5:44 of 3rd period - Mika Zibanejad wins face-off versus Matt Duchene in Rangers zone.
5:47 of 3rd period - Snap shot by Mika Zibanejad.
5:47 of 3rd period - Shot Misses the Net.
5:49 of 3rd period - Wrist shot by Blake Wheeler.
5:49 of 3rd period - Stopped by Philipp Grubauer without a rebound.
5:50 of 3rd period - Gustav Nyquist wins face-off versus Matt Duchene in Rangers zone.
6:19 of 3rd period - Snap shot by Matt Duchene.
6:19 of 3rd period - Stopped by Ben Bishop without a rebound.
6:20 of 3rd period - Mika Zibanejad wins face-off versus Nazem Kadri in Canucks zone.
6:48 of 3rd period - Wrist shot by Paul Byron.
6:48 of 3rd period - Stopped by Ben Bishop without a rebound.
6:49 of 3rd period - Oskar Sundqvist wins face-off versus Derek Ryan in Canucks zone.
6:52 of 3rd period - Wrist shot by Vinnie Hinostroza.
6:52 of 3rd period - Stopped by Ben Bishop without a rebound.
6:53 of 3rd period - Nazem Kadri wins face-off versus Derek Ryan in Canucks zone.
6:58 of 3rd period - Snap shot by Nazem Kadri.
6:58 of 3rd period - Stopped by Ben Bishop with a rebound.
7:00 of 3rd period - Wrist shot by Matt Niskanen.
7:00 of 3rd period - Stopped by Ben Bishop with a rebound.
7:02 of 3rd period - Snap shot by Nazem Kadri.
7:02 of 3rd period - Deflect By Justin Williams.
7:02 of 3rd period - Goal by Justin Williams - Canucks : 1 - Rangers : 1.
7:03 of 3rd period - Derek Ryan wins face-off versus Justin Williams in neutral zone.
7:28 of 3rd period - Alex Killorn is hit by Matt Niskanen and loses puck.
7:55 of 3rd period - Darnell Nurse is hit by Caleb Jones and loses puck.
8:30 of 3rd period - Wrist shot by Jason Zucker.
8:30 of 3rd period - Stopped by Ben Bishop with a rebound.
8:32 of 3rd period - Slapshot by Justin Williams.
8:32 of 3rd period - Stopped by Ben Bishop with a rebound.
8:34 of 3rd period - Snap shot by Jason Zucker.
8:34 of 3rd period - Deflect By Nazem Kadri.
8:34 of 3rd period - Shot Misses the Net.
8:34 of 3rd period - Puck is out of play.
8:35 of 3rd period - Nazem Kadri wins face-off versus Derek Ryan in Canucks zone.
8:40 of 3rd period - Snap shot by Nazem Kadri.
8:40 of 3rd period - Stopped by Ben Bishop with a rebound.
8:44 of 3rd period - Wrist shot by Nazem Kadri.
8:44 of 3rd period - Shot Misses the Net.
8:46 of 3rd period - Slapshot by Matt Niskanen.
8:46 of 3rd period - Shot Misses the Net.
8:48 of 3rd period - Wrist shot by Nazem Kadri.
8:48 of 3rd period - Goal by Nazem Kadri - Canucks : 1 - Rangers : 2.
8:49 of 3rd period - Matt Duchene wins face-off versus Mika Zibanejad in neutral zone.
9:06 of 3rd period - Slapshot by Matt Duchene.
9:06 of 3rd period - Stopped by Ben Bishop without a rebound.
9:07 of 3rd period - Derek Ryan wins face-off versus Nazem Kadri in Canucks zone.
9:14 of 3rd period - Slapshot by Gustav Nyquist.
9:14 of 3rd period - Deflect By Derek Ryan.
9:14 of 3rd period - Shot Misses the Net.
9:14 of 3rd period - Puck is out of play.
9:15 of 3rd period - Derek Ryan wins face-off versus Nazem Kadri in Rangers zone.
9:25 of 3rd period - Icing by Justin Williams.
9:26 of 3rd period - Blake Wheeler wins face-off versus Nazem Kadri in Rangers zone.
9:27 of 3rd period - Snap shot by Mika Zibanejad.
9:27 of 3rd period - Shot Hit the Post.
9:38 of 3rd period - Minor Penalty to Blake Wheeler for Tripping.
9:39 of 3rd period - Matt Duchene wins face-off versus Jordan Martinook in Canucks zone.
10:59 of 3rd period - Matt Calvert is hit by Jason Zucker and loses puck.
11:25 of 3rd period - Icing by Caleb Jones.
11:26 of 3rd period - Matt Duchene wins face-off versus Tom Pyatt in Rangers zone.
11:38 of 3rd period - Penalty to Blake Wheeler is over, Blake Wheeler is back on ice.
11:43 of 3rd period - Derek Ryan is hit by Erik Karlsson and loses puck.
12:29 of 3rd period - Wrist shot by Vinnie Hinostroza.
12:29 of 3rd period - Shot Misses the Net.
12:49 of 3rd period - Ron Hainsey is hit by Brandon Tanev and loses puck.
13:02 of 3rd period - Derek Ryan is hit by Dan Girardi and loses puck.
14:14 of 3rd period - Wrist shot by Mika Zibanejad.
14:14 of 3rd period - Stopped by Philipp Grubauer with a rebound.
14:16 of 3rd period - Snap shot by Alex Killorn.
14:16 of 3rd period - Shot Misses the Net.
14:18 of 3rd period - Snap shot by Erik Cernak.
14:18 of 3rd period - Stopped by Philipp Grubauer with a rebound.
14:20 of 3rd period - Snap shot by Blake Wheeler.
14:20 of 3rd period - Shot Blocked by Dan Girardi.
14:30 of 3rd period - Wrist shot by Dan Girardi.
14:30 of 3rd period - Deflect By Matt Duchene.
14:30 of 3rd period - Goal by Matt Duchene - Canucks : 1 - Rangers : 3.
14:31 of 3rd period - Matt Duchene wins face-off versus Mika Zibanejad in neutral zone.
14:58 of 3rd period - Erik Karlsson is hit by Gustav Nyquist and loses puck.
15:03 of 3rd period - Slapshot by Gustav Nyquist.
15:03 of 3rd period - Stopped by Philipp Grubauer without a rebound.
15:04 of 3rd period - Oskar Sundqvist wins face-off versus Jason Dickinson in Rangers zone.
16:14 of 3rd period - Slapshot by Gustav Nyquist.
16:14 of 3rd period - Shot Misses the Net.
16:38 of 3rd period - Slapshot by Matt Calvert.
16:38 of 3rd period - Shot Blocked by Oskar Sundqvist.
16:40 of 3rd period - Snap shot by Matt Calvert.
16:40 of 3rd period - Deflect By Vinnie Hinostroza.
16:40 of 3rd period - Shot Misses the Net.
16:40 of 3rd period - Puck is out of play.
16:41 of 3rd period - Jordan Martinook wins face-off versus Matt Duchene in Rangers zone.
16:42 of 3rd period - Wrist shot by Brandon Tanev.
16:42 of 3rd period - Stopped by Philipp Grubauer without a rebound.
16:43 of 3rd period - Jordan Martinook wins face-off versus Matt Duchene in Rangers zone.
16:44 of 3rd period - Snap shot by Jimmy Vesey.
16:44 of 3rd period - Stopped by Philipp Grubauer with a rebound.
17:08 of 3rd period - Paul Byron is hit by Oscar Klefbom and loses puck.
17:56 of 3rd period - Wrist shot by Alex Tuch.
17:56 of 3rd period - Stopped by Philipp Grubauer with a rebound.
17:58 of 3rd period - Slapshot by Oscar Klefbom.
17:58 of 3rd period - Deflect By Brayden Schenn.
17:58 of 3rd period - Stopped by Philipp Grubauer with a rebound.
18:00 of 3rd period - Snap shot by Charlie McAvoy.
18:00 of 3rd period - Shot Blocked by Dan Girardi.
18:02 of 3rd period - Snap shot by Gustav Nyquist.
18:02 of 3rd period - Stopped by Philipp Grubauer without a rebound.
18:03 of 3rd period - Oskar Sundqvist wins face-off versus Jordan Martinook in Rangers zone.
18:16 of 3rd period - Slapshot by Vinnie Hinostroza.
18:16 of 3rd period - Shot Misses the Net.
18:18 of 3rd period - Snap shot by Vinnie Hinostroza.
18:18 of 3rd period - Shot Blocked by Brandon Tanev.
19:27 of 3rd period - Snap shot by Paul Byron.
19:27 of 3rd period - Deflect By Oskar Sundqvist.
19:27 of 3rd period - Stopped by Ben Bishop without a rebound.
19:28 of 3rd period - Mika Zibanejad wins face-off versus Matt Duchene in Canucks zone.
Goals for this period are 0 for Canucks vs 3 for Rangers.
Shots for this period are 13 for Canucks vs 18 for Rangers. Output by the SimonT Hockey Simulator (STHS) for Eric Tremblay - Original Page W3C HTML5 Valid
Hockey Simulator - Hockey Simulation - Hockey Manager